 Dungeon Crawl Stone Soup version 0.30.0-13-g156ef70053 (webtiles) character file.

Game seed: 4146600607715862510

42 NotreDorf the Poker (level 3, -4/30 HPs)
             Began as a Merfolk Berserker on May 17, 2023.
             Was a Follower of Trog.
             Slain by Sigmund
             ... wielding a +0 scythe
              (9 damage)
             ... on level 2 of the Dungeon.
             The game lasted 00:03:25 (1062 turns).

NotreDorf the Poker (Merfolk Berserker)             Turns: 1062, Time: 00:03:27

Health: -4/30      AC:  2    Str: 19    XL:     3   Next: 56%
Magic:  3/3        EV: 14    Int:  6    God:    Trog [*.....]
Gold:   29         SH:  0    Dex: 19    Spells: 2/2 levels left

rFire   . . .        a - +0 spear
rCold   . . .        (no shield)
rNeg    . . .        b - +0 animal skin
rPois   .            (no helmet)
rElec   .            (no cloak)
rCorr   .            (no gloves)
SInv    .            (no boots)
Will    .....        (no amulet)
Stlth   ++           e - +6 ring of dexterity
HPRegen 0.25/turn    (no ring)
MPRegen 0.08/turn

%: no passive effects
@: no status effects
A: (nimble swimmer 2), mertail
a: Renounce Religion, Berserk


You were on level 2 of the Dungeon.
You worshipped Trog.
Trog was aware of your devotion.
You visited 1 branch of the dungeon, and saw 2 of its levels.

You collected 29 gold pieces.

Inventory:

Hand Weapons
 a - a +0 spear (weapon)
Missiles
 f - 6 stones (quivered)
Armour
 b - a +0 animal skin (worn)
Jewellery
 e - a +6 ring of dexterity (left hand)
Scrolls
 d - a scroll of teleportation {unknown}
 g - a scroll of identify {unknown}
 i - a scroll of immolation {unknown}
 j - a scroll of blinking {unknown}
Potions
 h - a potion of heal wounds {unknown}


   Skills:
 + Level 3.7 Fighting
 + Level 4.6 Polearms
 + Level 1.0 Throwing
 - Level 1.3 Armour
 + Level 3.5 Dodging


You had 2 spell levels left.
You didn't know any spells.
Your spell library was empty.

Dungeon Overview and Level Annotations

Branches:
Dungeon (2/15)

Altars:

Annotations:
D:2 Sigmund


Innate Abilities, Weirdness & Mutations

((You are very nimble when in or above water. (Stealth+, EV+, Speed+++)))
Your lower body shifts to a powerful aquatic tail in water.


Message History

Aim: Sigmund, wielding a +0 scythe and wearing a +0 robe (lightly wounded, about 37% to evade your +0 spear)
You reach to attack!
You hit Sigmund.
Sigmund is moderately wounded.
The frilled lizard misses you.
Reach: a) +0 spear
Press: ? - help, Dir - move target, f/p - Sigmund
Aim: Sigmund, wielding a +0 scythe and wearing a +0 robe (moderately wounded, about 37% to evade your +0 spear)
The frilled lizard is in the way.
You hit the frilled lizard.
You kill the frilled lizard!
Trog accepts your kill.
Sigmund mumbles some strange words.
Sigmund flickers and vanishes!
Deactivating autopickup; reactivate with Ctrl-A.
Something barely misses you.
You hit something. Something hits you but does no damage.
You hit something. You hit something. Something hits you!
You miss something. You miss something. Something barely misses you.
You hit something but do no damage. You miss something. Something hits you.
You miss something. You closely miss something. Something hits you!
* * * LOW HITPOINT WARNING * * *
You hit something. Something closely misses you.
You hit something. You closely miss something. Something hits you.
* * * LOW HITPOINT WARNING * * *
It was a potion of curing.
You feel better.
You closely miss something.
You hear some strange, mumbled words.
A puff of flame appears from out of thin air!
The puff of flame hits you.
You barely miss something.
You hear some strange, mumbled words.
A magic dart appears from out of thin air!
The magic dart hits you!
* * * LOW HITPOINT WARNING * * *
You barely miss something. Something hits you!
You die...

#......#.#.#.
#.......#.#.#
#........#.#
#..|......#
#.........# ...
###.....8...#
...
......8{..8##
....
#....@....#....
#....[....#.....
#........#.#....
#...............
#........#.#....
#.........#.. ..
#......[..# ...
##...8...8## ...
.......8...# ..


There were no monsters in sight!

Vanquished Creatures
  An adder (D:2)
  A dart slug (D:2)
  3 bats (D:1)
  4 endoplasms
  2 goblins (D:1)
  3 hobgoblins (D:1)
  3 quokkas (D:1)
  3 ball pythons (D:1)
  3 frilled lizards
  4 kobolds
  2 rats (D:1)
29 creatures vanquished.

Notes
Turn   | Place    | Note
-------+----------+-------------------------------------------
     0 | D:1      | NotreDorf the Merfolk Berserker began the quest for the
                  | Orb.
     0 | D:1      | Reached XP level 1. HP: 18/18 MP: 1/1
   262 | D:1      | Reached XP level 2. HP: 24/24 MP: 2/2
   605 | D:1      | Reached XP level 3. HP: 29/29 MP: 3/3
   959 | D:2      | Reached skill level 1 in Throwing
  1037 | D:2      | Noticed Sigmund
  1062 | D:2      | Slain by Sigmund

Illustrated notes

Levels and vault maps discovered:
D:1:      heliophobic_arrival_henge, layout_loops_ring
D:2:      wad_pebble_path, layout_loops_ring, uniq_sigmund,
          uniq_crazy_yiuf_cottage

Skill      XL: |  1  2  3 |
---------------+----------+-----
Dodging        | 3 |  3.5
Throwing       | 1 |  1.0
Fighting       | |  3.7
Polearms       | |  4.6
Armour         | |  1.3

Action                     || total
---------------------------++-------
  Melee: Spear             ||   129
         Punch             ||     1
  Throw: Stone             ||     4
    Use: Potion            ||     1
   Stab: Sleeping          ||     4
 Armour: Animal skin       ||    11
  Dodge: Dodged            ||    55
